 Dungeon Crawl Stone Soup version 0.24.1-4-ge52af88ad5 (webtiles) character file.

Game seed: 15724548185813580657, levelgen mode: deterministic

22502 jangnan the Spear-Bearer (level 13, 0/92 HPs)
             Began as an Octopode Fighter on Apr 20, 2020.
             Was an Elder of Fedhas.
             Slain by a blink frog (17 damage)
             ... on level 2 of the Lair of Beasts.
             The game lasted 01:11:59 (21696 turns).

jangnan the Spear-Bearer (Octopode Fighter)        Turns: 21696, Time: 01:11:59

Health: 0/92       AC:  3    Str: 18    XL:     13   Next: 0%
Magic:  12/17      EV: 16    Int: 13    God:    Fedhas [****..]
Gold:   784        SH: 12    Dex: 14    Spells: 12/14 levels left

rFire    . . .     SeeInvis .   a - +6 trident
rCold    + . .     Gourm    .   b - +1 shield
rNeg     + . .     Faith    .   J - +2 hat
rPois    .         Spirit   .   (no amulet)
rElec    .         Reflect  .   p - ring of protection from cold
rCorr    .         Harm     .   A - ring of positive energy
MR       .....                  x - +3 ring of intelligence
Stlth    +++.......             (no ring)
HPRegen  0.25/turn              (no ring)
MPRegen  0.15/turn              (no ring)
                                (no ring)
                                (no ring)

@: no status effects
A: almost no armour, stealthy swim, amphibious, 8 rings, constrict 8, camouflage
1, gelatinous body 1
a: Wall of Briars, Grow Ballistomycete, Overgrow, Renounce Religion


You were on level 2 of the Lair of Beasts.
You worshipped Fedhas.
Fedhas was greatly pleased with you.
You were hungry.

You visited 3 branches of the dungeon, and saw 15 of its levels.

You collected 1028 gold pieces.
You spent 244 gold pieces at shops.

Inventory:

Hand Weapons
 a - a +6 trident (weapon)
 C - a +0 spear of piercing
Missiles
 y - 7 javelins
 K - 14 poisoned darts
 N - 2 boomerangs (quivered)
Armour
 b - a +1 shield (worn)
 J - a +2 hat (worn)
Magical Staves
 g - an uncursed staff of summoning {unknown}
Jewellery
 p - a ring of protection from cold (left tentacle)
 x - a +3 ring of intelligence (on tentacle)
 A - a ring of positive energy (right tentacle)
Wands
 c - a wand of random effects (18)
 f - a wand of polymorph (6)
 q - a wand of acid (5)
 r - a wand of flame (26)
 B - a wand of paralysis (7)
 G - a wand of digging (4)
 L - a wand of enslavement (3)
 M - a wand of disintegration (17)
Scrolls
 e - a scroll of blinking
 i - 3 scrolls of enchant weapon
 n - 7 scrolls of remove curse
 s - 2 scrolls of enchant armour
 t - a scroll of fear {unknown}
 u - a scroll of magic mapping {unknown}
 v - a scroll of immolation {unknown}
 w - a scroll of fog {unknown}
 z - 2 scrolls of summoning {unknown}
 D - a scroll of holy word {unknown}
 E - 2 scrolls of amnesia
Potions
 h - 2 potions of brilliance
 j - a potion of ambrosia
 l - a potion of lignification
 m - 4 potions of flight
 o - 2 potions of agility
 F - 4 potions of curing
 H - a potion of invisibility
 I - a potion of cancellation
Comestibles
 d - 34 rations


   Skills:
 + Level 10.2 Fighting
 + Level 13.9 Polearms
 - Level 4.4 Throwing
 + Level 7.5 Dodging
 - Level 1.9 Stealth
 + Level 7.8 Shields
 * Level 1.0 Spellcasting
 * Level 1.1 Translocations
 * Level 6.4 Invocations
 - Level 0.2 Evocations


You had 12 spell levels left.
You knew the following spells:

 Your Spells              Type           Power        Failure   Level  Hunger
a - Blink                 Tloc           N/A          56%         2    ###....

Your spell library contained the following spells:

 Spells                   Type           Power        Failure   Level  Hunger
 Magic Dart               Conj           #...         56%         1    ##.....
 Call Imp                 Summ           #.......     71%         2    ###....
 Slow                     Hex            #.......     71%         2    ###....
 Conjure Flame            Conj/Fire      #.......     91%         3    ####...
 Mephitic Cloud           Conj/Pois/Air  #.......     91%         3    ####...


Dungeon Overview and Level Annotations

Branches:
Dungeon (11/15)            Temple (1/1) D:6            Lair (3/6) D:10
    Orc (0/2) D:10
  Swamp: Lair:2-4    Shoals: Lair:2-4     Snake: Lair:2-4    Spider: Lair:2-4

Altars:
Ashenzari
Cheibriados
Dithmenos
Elyvilon
Fedhas
Gozag
Hepliaklqana
Kikubaaqudgha
Makhleb
Nemelex Xobeh
Okawaru
Qazlal
Ru
Sif Muna
Trog
Uskayaw
Vehumet
Wu Jian
Xom
Yredelemnul
Zin
The Shining One

Shops:
D:4 %   D:5 (%[   D:8 *   D:9 *

Annotations:
D:3 exclusion: downstairs
D:4 exclusion: 2 downstairs
D:5 exclusion: 2 downstairs
D:6 Blork the orc
D:7 exclusion: 2 downstairs
D:8 3 runed translucent doors, exclusion: 2 downstairs, MajorAdolf's ghost, novice NaWn
D:9 Erolcha
D:10 exclusion: 2 doors
D:11 1 runed translucent door, Harold; Sassenached's ghost, journeyman DrWn
Lair:1 exclusion: 2 downstairs
Lair:2 exclusion: downstairs


Innate Abilities, Weirdness & Mutations

You cannot wear most types of armour.
You are very stealthy in the water. (Stealth+)
You are amphibious.
You can wear up to eight rings at the same time.
You can use your tentacles to constrict eight enemies at once.
Your skin changes colour to match your surroundings (Stealth+).
Your rubbery body absorbs attacks. (AC +1, EV +1)


Message History

The blink frog blinks! x2
A ballistomycete spore comes into view.
The blink frog blinks!
The blink frog hits your ballistomycete spore!
Your ballistomycete spore explodes!
The blink frog appears confused.
The explosion of spores engulfs the blink frog!
The blink frog is heavily wounded.
A ballistomycete spore comes into view.
The blink frog blinks!
The blink frog misses you.
Your ballistomycete spore explodes!
Fedhas accepts your kill.
Your Spellcasting skill increases to level 1!
You have reached level 13!
You feel a bit more experienced.
There is a stone staircase leading down here.
The blink frog blinks! x2; The blink frog hits you!
You die...
Fedhas appreciates your contribution to the ecosystem.

#[#.....#.# ###P......#
##......## ###.....##
##.....#### ### ##
##.....#P##########.####.
##....(......†..........
##.....P.P.............
#....@..PF.........>..
##....F§..............
##......§P...........
##....*.............
##.................
#P......##♣♣♣♣♣###
#.......♣ ♣♣♣♣♣
###....♣♣♣♣P..♣
#....♣♣♣..♣♣♣♣


You could see 2 blink frogs, a friendly ballistomycete and a friendly
ballistomycete spore.

Vanquished Creatures
  2 two-headed ogres
  Erica (D:8)
  Pikel (D:8)
  An ugly thing (D:10)
  3 elephants
  Maurice (D:10)
  6 spiny frogs
  Joseph (D:8)
  2 centaur skeletons (D:10)
  5 komodo dragons
  A troll (D:10)
  2 hornets (D:11)
  Grinder (D:5)
  4 hippogriffs
  Prince Ribbit (D:9)
  18 blink frogs
  15 yaks
  A basilisk (D:10)
  Grum (D:7)
  Eustachio (D:5)
  A hungry ghost (D:8)
  A soldier ant (D:11)
  2 hell hounds (Lair:1)
  4 water moccasins
  8 porcupines
  A slave (D:8)
  2 black bears (Lair:2)
  4 sky beasts
  2 ice beasts
  A phantom (D:5)
  4 orc warriors
  4 ogres
  3 centaurs
  7 crocodiles
  4 wolves (D:8)
  4 bullfrogs
  5 scorpions
  11 killer bees
  A howler monkey (D:5)
  6 crimson imps
  4 bullfrog zombies
  2 jellies
  3 quasits
  6 orc priests
  5 hounds
  7 bullfrog skeletons
  11 orc wizards
  Jessica (D:2)
  4 iguanas
  5 worker ants
  A hound skeleton (D:5)
  2 worker ant zombies
  10 adders
  4 shadow imps
  An ooze (D:1)
  An adder skeleton (D:6)
  2 adder zombies
  4 worms
  A dart slug (D:1)
  5 leopard geckos
  37 orcs
  8 giant cockroaches
  13 goblins
  10 hobgoblins
  2 jackals (D:1)
  7 kobolds
  8 quokkas
  2 ball pythons
  9 bats
  5 frilled lizards
  A giant cockroach zombie (D:6)
  2 gnoll zombies (D:8)
  2 quokka skeletons
  7 rats
335 creatures vanquished.

Vanquished Creatures (collateral kills)
  2 ballistomycete spores (Lair:2)
2 creatures vanquished.

Vanquished Creatures (others)
  3 slaves (D:8)
  A worker ant (D:8)
  A ballistomycete spore (Lair:2)
  3 bushes (D:10)
  11 fungi
  18 plants
37 creatures vanquished.

Grand Total: 374 creatures vanquished

Notes
Turn   | Place    | Note
-------+----------+-------------------------------------------
     0 | D:1      | jangnan the Octopode Fighter began the quest for the Orb.
     0 | D:1      | Reached XP level 1. HP: 16/16 MP: 1/1
    83 | D:1      | Reached XP level 2. HP: 14/21 MP: 2/2
   597 | D:1      | Reached XP level 3. HP: 24/26 MP: 3/3
  1163 | D:2      | Noticed Jessica
  1169 | D:2      | Reached skill level 1 in Stealth
  1174 | D:2      | Killed Jessica
  1174 | D:2      | Reached skill level 3 in Polearms
  1174 | D:2      | Reached XP level 4. HP: 8/31 MP: 4/4
  1718 | D:2      | Found a sparkling altar of Nemelex Xobeh.
  1833 | D:2      | Reached XP level 5. HP: 32/36 MP: 5/5
  2275 | D:3      | Reached skill level 4 in Polearms
  2905 | D:4      | Reached XP level 6. HP: 40/43 MP: 6/6
  2936 | D:4      | Found an iron altar of Okawaru.
  3033 | D:4      | Found Saberph's Food Boutique.
  3766 | D:4      | Reached skill level 5 in Polearms
  3787 | D:4      | Reached XP level 7. HP: 12/48 MP: 7/7
  4440 | D:5      | Entered Level 5 of the Dungeon
  4440 | D:5      | Found Noucsozu's Antique Armour Shop.
  4463 | D:5      | Noticed Grinder
  4480 | D:5      | Paralysed by Grinder for 4 turns
  4733 | D:5      | Found Acwoxu's Food Emporium.
  4809 | D:5      | Reached skill level 6 in Polearms
  4986 | D:5      | Killed Grinder
  4986 | D:5      | Reached XP level 8. HP: 31/54 MP: 8/8
  5226 | D:5      | Reached skill level 5 in Fighting
  5233 | D:5      | Noticed Eustachio
  5538 | D:5      | Killed Eustachio
  5538 | D:5      | Reached skill level 7 in Polearms
  5683 | D:5      | Found a faded altar of an unknown god.
  5683 | D:5      | Found a glowing silver altar of Zin.
  5688 | D:5      | Found a snail-covered altar of Cheibriados.
  5690 | D:5      | Found a hide-covered altar of Uskayaw.
  5692 | D:5      | Found a faded altar of an unknown god.
  5756 | D:5      | Found Owkuh's Antique Weapon Shoppe.
  5760 | D:5      | Bought a runed trident for 169 gold pieces
  6640 | D:6      | Found a staircase to the Ecumenical Temple.
  6643 | D:6      | Noticed Blork the orc
  6858 | D:5      | Reached skill level 1 in Throwing
  7161 | D:6      | Reached skill level 5 in Dodging
  7334 | Temple   | Entered the Ecumenical Temple
  7358 | Temple   | Became a worshipper of Fedhas Madash
  7457 | D:6      | Reached skill level 5 in Shields
  7457 | D:6      | Reached XP level 9. HP: 62/62 MP: 9/9
  7901 | D:7      | Reached skill level 8 in Polearms
  8494 | D:7      | Reached * piety under Fedhas
  9017 | D:8      | Found a basalt altar of Yredelemnul.
  9178 | D:8      | Noticed Grum
  9179 | D:8      | Noticed a two-headed ogre
  9182 | D:8      | Noticed Erica
  9203 | D:8      | Noticed Pikel
  9211 | D:8      | Killed Pikel
  9211 | D:8      | Reached skill level 9 in Polearms
  9231 | D:7      | Killed Grum
  9645 | D:8      | Killed Erica
  9645 | D:8      | Reached skill level 10 in Polearms
  9645 | D:8      | Reached XP level 10. HP: 45/71 MP: 10/10
 10332 | D:8      | Noticed Joseph
 10774 | D:8      | Found a runed translucent gate.
 10779 | D:8      | Noticed MajorAdolf's ghost (novice NaWn)
 10789 | D:8      | Found Bapheg's General Store.
 10927 | D:8      | Killed a two-headed ogre
 10927 | D:8      | Reached skill level 11 in Polearms
 11323 | D:8      | Killed Joseph
 11509 | D:8      | Found a runed translucent gate.
 11510 | D:8      | Found a runed translucent gate.
 11626 | D:9      | Noticed Erolcha
 11698 | D:9      | Reached ** piety under Fedhas
 12480 | D:9      | Reached XP level 11. HP: 77/77 MP: 11/11
 12751 | D:9      | You fall into a shaft and drop 2 floors!
 12767 | D:11     | Noticed Harold
 13409 | D:11     | Paralysed by a hornet for 3 turns
 13798 | D:11     | Found a runed translucent door.
 13799 | D:11     | Noticed Sassenached's ghost (journeyman DrWn)
 14043 | D:10     | Entered Level 10 of the Dungeon
 14097 | D:9      | Found Doskovao's Assorted Antiques.
 14102 | D:9      | Bought a bubbling brown potion for 25 gold pieces
 14102 | D:9      | Bought a pink potion for 25 gold pieces
 14102 | D:9      | Bought a grey potion for 25 gold pieces
 14179 | D:9      | Noticed a two-headed ogre
 14194 | D:9      | Killed a two-headed ogre
 14194 | D:9      | Reached skill level 1 in Invocations
 14214 | D:9      | Noticed Prince Ribbit
 14249 | D:9      | Reached skill level 12 in Polearms
 14877 | D:9      | Killed Prince Ribbit
 15082 | D:10     | Found a staircase to the Orcish Mines.
 15774 | D:10     | Reached *** piety under Fedhas
 16057 | D:10     | Noticed Maurice
 16426 | D:10     | Killed Maurice
 16557 | D:10     | Noticed a green ugly thing
 16570 | D:10     | Killed a green ugly thing
 16954 | D:10     | Found a staircase to the Lair.
 17372 | Lair:1   | Entered Level 1 of the Lair of Beasts
 17408 | D:10     | Reached XP level 12. HP: 41/85 MP: 15/15
 17947 | Lair:1   | Reached skill level 13 in Polearms
 18365 | Lair:1   | Reached skill level 5 in Invocations
 18384 | Lair:1   | Reached **** piety under Fedhas
 19624 | Lair:2   | Reached skill level 10 in Fighting
 20924 | Lair:2   | Learned a level 2 spell: Blink
 21680 | Lair:2   | Reached skill level 1 in Translocations
 21695 | Lair:2   | Reached skill level 1 in Spellcasting
 21695 | Lair:2   | Reached XP level 13. HP: 17/92 MP: 12/17
 21696 | Lair:2   | Slain by a blink frog

Levels and vault maps discovered:
D:1:      psy_arrival_dodecagon, layout_basic, hex_intersection
D:2:      layout_basic, nemelex_xobeh_ov_fountains_minmay, uniq_jessica
D:3:      layout_loops_ring
D:4:      layout_cave_pods, kennysheep_little_box, serial_shops,
          nicolae_shop_stone
D:5:      layout_loops_ring, chequers_temple_overflow_minitemple, serial_shops,
          shop, kennysheep_mini, nicolae_shop_behind_doors, first_ration,
          uniq_grinder, uniq_eustachio
D:6:      layout_loops_ring, minmay_temple_entry_stoned_glass, minmay_puff,
          uniq_blork_the_orc
D:7:      layout_layer_cave
D:8:      layout_loops_ring, lemuel_zombie_altar_yredelemnul,
          ebering_ghost_rock_garden, serial_shops, shop_statue, uniq_pikel,
          uniq_joseph, uniq_erica, uniq_grum
D:9:      layout_irregular_city, serial_shops, shop_fountains,
          uniq_prince_ribbit1, uniq_erolcha
D:10:     layout_roguey, minmay_lair_entry_grove, erik_orc_3, serial_glass,
          glass_columns_a, glass_columns_b, glass_columns_a, glass_columns_b,
          glass_columns_b, due_unseen_surprise, item_on_display_a,
          feat_on_display, uniq_maurice
D:11:     layout_loops_corners, gammafunk_ghost_grave,
          minmay_misc_feat_diagonals, hangedman_pestilent_swarm, uniq_harold
Temple:   lightli_temple_of_artemis
Lair:1:   layout_layer_cave, enter_volcano_3, serial_bayou_pond_a
Lair:2:   wad_woods_structure_01, layout_hall_layers
Lair:3:   lemuel_ratsnest, layout_chaotic_city, minmay_swamp_entry_worms,
          minmay_snake_entry_six_corridors, infiniplex_staircase_pool_2

Skill      XL: |  1  2  3  4  5  6  7  8  9 10 11 12 |
---------------+-------------------------------------+-----
Stealth        | 1 |  1.9
Polearms       | 3 4 5 6 7 10 11 12 13 | 13.9
Fighting       | 4 6 7 8 9 10 | 10.2
Shields        | 4 5 6 7 |  7.8
Dodging        | 4 5 6 7 |  7.5
Throwing       | 1 2 4 |  4.4
Invocations    | 4 6 |  6.4
Translocations | 1 |  1.1
Spellcasting   | 1 |  1.0
Evocations     | |  0.2

Action                   |  1- 3 |  4- 6 |  7- 9 | 10-12 | 13-15 || total
-------------------------+-------+-------+-------+-------+-------++-------
Melee: Trident           |    86 |   168 |   229 |   656 |       ||  1139
       Constrict         |    14 |    37 |    36 |    64 |       ||   151
       Tentacles         |     7 |    25 |    45 |   138 |       ||   215
Throw: Dart              |       |     2 |     5 |    67 |       ||    74
       Javelin           |       |       |     7 |    72 |       ||    79
       Boomerang         |       |       |       |     2 |       ||     2
Invok: Wall of Briars    |       |       |       |     3 |       ||     3
       Grow Ballistomyce |       |       |       |     1 |       ||     1
Evoke: Wand              |       |       |       |     5 |       ||     5
  Use: Potion            |       |     3 |     1 |     6 |       ||    10
       Scroll            |       |       |    12 |     8 |       ||    20
 Stab: Sleeping          |     9 |    17 |    11 |     7 |       ||    44
       Distracted        |       |     2 |     1 |     2 |       ||     5
       Paralysed         |       |       |       |     6 |       ||     6
       Confused          |       |       |       |     1 |       ||     1
  Eat: Chunk             |     1 |     7 |     5 |    35 |       ||    48
       Ration            |       |       |     4 |     1 |       ||     5
Armor: Skin              |     2 |    12 |     6 |    22 |       ||    42
Dodge: Dodged            |    21 |    42 |    65 |   157 |       ||   285
Block: Shield            |    31 |    39 |    80 |   206 |       ||   356
